 Dungeon Crawl Stone Soup version 0.29-a0-700-g2f1814c7b2 (webtiles) character file.

Game seed: 7893954001333666781

87 YayAnonymity the Cudgeller (level 4, 0/42 HPs)
             Began as a Troll Gladiator on June 25, 2022.
             Slain by an orc warrior
             ... wielding a +0 short sword
              (6 damage)
             ... on level 4 of the Dungeon.
             The game lasted 00:03:16 (1212 turns).

YayAnonymity the Cudgeller (Troll Gladiator)        Turns: 1212, Time: 00:03:17

Health: 0/42       AC:  4    Str: 24    XL:     4   Next: 28%
Magic:  3/3        EV: 10    Int:  4    God:
Gold:   73         SH:  0    Dex: 11    Spells: 3/3 levels left

rFire   . . .      SeeInvis .   a - +0 flail
rCold   . . .      Faith    .   (no shield)
rNeg    . . .      Spirit   .   l - +0 animal skin
rPois   .          Reflect  .   c - +0 hat
rElec   .          Harm     .   (no cloak)
rCorr   .          Rampage  .   (gloves unavailable)
Will    .....                   (boots unavailable)
Stlth   +.........              (no amulet)
HPRegen 0.94/turn               (no ring)
MPRegen 0.08/turn               (no ring)

@: no status effects
A: large, unfitting armour, claws 3, regeneration 1, shaggy fur 1, tough skin 1
a: no special abilities


You were on level 4 of the Dungeon.
You visited 1 branch of the dungeon, and saw 3 of its levels.

You collected 73 gold pieces.

Inventory:

Hand Weapons
 a - a +0 flail (weapon)
Missiles
 d - 3 throwing nets
 e - a large rock
 h - 3 boomerangs (quivered)
Armour
 c - a +0 hat (worn)
 l - a +0 animal skin (worn)
Scrolls
 f - a scroll of poison {unknown}
 i - a scroll of teleportation {unknown}
 j - a scroll of brand weapon {unknown}
 k - a scroll of enchant weapon {unknown}
Potions
 g - a potion of curing


   Skills:
 + Level 2.1 Fighting
 * Level 3.6 Maces & Flails
 + Level 2.3 Throwing
 + Level 2.8 Dodging


You had 3 spell levels left.
You didn't know any spells.
Your spell library contained the following spells:

 Spells                   Type           Power      Damage    Failure   Level
 Fulminant Prism          Conj/Hex       0%         3d6       99%         4
 Iskenderun's Mystic Bla  Conj/Tloc      0%         2d3       99%         4
 Lee's Rapid Deconstruct  Erth           0%         3d5*      100%        5


Dungeon Overview and Level Annotations

Branches:
Dungeon (2/15)

Altars:

Annotations:
D:4 Ijyb


Innate Abilities, Weirdness & Mutations

You are too large for most types of armour.
You have claws for hands.
Your natural rate of healing is unusually fast.
You are covered in fur. (AC +1)
You have tough skin. (AC +1)


Message History

Ijyb zaps a wand.
The puff of flame hits you.
Found a runed rapier.
You see here a +3 rapier of flaming.
Found a grey potion.
A goblin comes into view. It is wielding a +0 club.
The goblin shouts!
An orc priest comes into view. It is wielding a +0 hand axe.
The orc priest complains repeatedly.
An orc warrior comes into view. It is wielding a +0 short sword.
You closely miss the goblin.
The orc warrior shouts!
The goblin closely misses you.
You closely miss the goblin. The goblin hits you but does no damage.
The orc priest miscasts a cantrip.
You closely miss the goblin. The goblin hits you but does no damage.
It was a potion of curing.
You feel better. The goblin hits you with a +0 club.
The orc priest looks satisfied for a moment.
Ijyb zaps a wand.
The puff of flame hits you!
You barely miss the goblin. The goblin hits you with a +0 club.
You closely miss the goblin. The goblin hits you with a +0 club.
An orc comes into view. It is wielding a +0 club.
Ijyb zaps a wand.
The puff of flame hits you. The goblin hits you with a +0 club.
You hit the orc warrior.
The orc warrior is moderately wounded.
Ijyb barely misses you. The goblin barely misses you.
The orc priest mumbles some strange prayers to Beogh against you.
Beogh smites you!
The orc warrior hits you with a +0 short sword!
* * * LOW HITPOINT WARNING * * *
An orc comes into view. It is wielding a +0 club.
The orc shouts!
You hit the orc warrior but do no damage.
The orc warrior is moderately wounded.
The goblin hits you with a +0 club.
* * * LOW HITPOINT WARNING * * *
Ijyb barely misses you. Ijyb attacks as you move away! Ijyb barely misses you.
The orc warrior hits you with a +0 short sword.
You die...

.. #.# #. #.# #..#.#
##########
#..#.#####.........
#..................
#.##.#####.........
#.##.# #......... #
#.##.# #go.......
#.#.##)# #g@.......
##.#.##.# #!.o......
###.....g.# #...o..o..
.......########.........
###..........##.........
#...######.##.........
#... #.##......... #...
#....##.........
#...........#


You could see an orc warrior, Ijyb, an orc priest, 2 orcs and a goblin.

Vanquished Creatures
  Robin (D:2)
  An adder (D:2)
  2 worms (D:2)
  2 dart slugs
  6 ball pythons (D:1)
  3 endoplasms (D:1)
  15 goblins
  4 hobgoblins
  4 jackals (D:2)
  4 bats
  3 frilled lizards
  6 kobolds (D:1)
  3 rats
54 creatures vanquished.

Notes
Turn   | Place    | Note
-------+----------+-------------------------------------------
     0 | D:1      | YayAnonymity the Troll Gladiator began the quest for the
                  | Orb.
     0 | D:1      | Reached XP level 1. HP: 19/19 MP: 0/0
   114 | D:1      | Reached XP level 2. HP: 28/28 MP: 1/1
   209 | D:1      | Reached skill level 3 in Maces & Flails
   482 | D:1      | Found a faded altar of an unknown god.
   485 | D:1      | Reached XP level 3. HP: 35/35 MP: 2/2
  1028 | D:2      | Noticed Robin
  1061 | D:2      | Reached XP level 4. HP: 30/42 MP: 3/3
  1082 | D:2      | Killed Robin
  1176 | D:2      | You fall into a shaft and drop 2 floors!
  1180 | D:4      | Noticed Ijyb
  1203 | D:4      | Noticed an orc warrior
  1212 | D:4      | Slain by an orc warrior

Illustrated notes

Levels and vault maps discovered:
D:1:      lightli_arrival_isolated_outpost, layout_loops_ring,
          shapermc_ecumenical_altar_pompeii, minmay_statues_item,
          minmay_shallow_snake_nest
D:2:      layout_loops_corners, minmay_pentomino_v4, uniq_robin
D:4:      layout_basic, minmay_temple_entry_glass, uniq_ijyb

Skill      XL: |  1  2  3 |
---------------+----------+-----
Maces & Flails | 3 |  3.6
Throwing       | 2 |  2.3
Fighting       | 2 |  2.1
Dodging        | |  2.8

Action                   |  1- 3 |  4- 6 || total
-------------------------+-------+-------++-------
Melee: Flail             |   108 |    36 ||   144
Throw: Boomerang         |    21 |       ||    21
  Use: Potion            |       |     1 ||     1
 Stab: Sleeping          |     1 |       ||     1
Armor: Robe              |    63 |    13 ||    76
       Animal skin       |       |     2 ||     2
Dodge: Dodged            |    83 |    41 ||   124

Table legend: (Time is in decaauts)
 A = Elapsed time spent in this place.
 B = Non-inter-level travel time spent in this place.
 C = Inter-level travel time spent in this place.
 D = Time resting spent in this place.
 E = Time spent auto-exploring this place.
 F = Levels seen in this place.
 G = Mean time per level.
                   A        B        C        D        E       F      G
               +--------+--------+--------+--------+--------+-----+--------+
         Total |   1256 |   1221 |     35 |      0 |    826 |   3 |  418.7 |
       Dungeon |   1256 |   1221 |     35 |      0 |    826 |   3 |  418.7 |
               +--------+--------+--------+--------+--------+-----+--------+

Top non-repeatable levels by time:
     D:1: 666 daAuts
     D:2: 552 daAuts
     D:4: 37 daAuts
